 Dungeon Crawl Stone Soup version 0.27-a0-1590-g15f69828bf (webtiles) character file.

Game seed: 7468569930750912592

147 wakim the Magician (level 5, -6/35 HPs)
             Began as a Djinni Ice Elementalist on July 18, 2021.
             Mangled by a water moccasin (7 damage)
             ... on level 3 of the Dungeon.
             The game lasted 00:05:14 (2764 turns).

wakim the Magician (Djinni Ice Elementalist)        Turns: 2764, Time: 00:05:15

Health: -6/35      AC:  2    Str:  7    XL:     5   Next: 55%
Gold:   81         EV: 13    Int: 17    God:
                   SH:  0    Dex: 14

rFire    + + .     SeeInvis .   a - +4 dagger (venom)
rCold    x . .     Faith    .   (no shield)
rNeg     . . .     Spirit   .   b - +0 robe
rPois    ∞         Reflect  .   (no helmet)
rElec    .         Harm     .   (no cloak)
rCorr    .         Rampage  .   (no gloves)
Will     .....                  (boots unavailable)
Stlth    ++........             (no amulet)
HPRegen  0.11/turn              (no ring)
MPRegen  0.00/turn              (no ring)

@: freezing walls, flying
A: sickness immunity, fire resistance 2, cold vulnerability 1, float, innate
caster, hp casting, extra vitality 1
a: no special abilities


You were on level 3 of the Dungeon.
You visited 1 branch of the dungeon, and saw 3 of its levels.

You collected 81 gold pieces.

Inventory:

Hand Weapons
 a - a +4 dagger of venom (weapon)
Armour
 b - a +0 robe (worn)
Scrolls
 c - 2 scrolls of vulnerability {unknown}
 d - a scroll of identify {unknown}
 e - a scroll of teleportation {unknown}
 g - a scroll of enchant armour {unknown}
Potions
 f - a potion of might {unknown}


   Skills:
 + Level 3.7 Dodging
 - Level 1.5 Stealth
 * Level 4.5 Spellcasting


You couldn't memorise any spells.
You knew the following spells:

 Your Spells              Type           Power      Damage    Failure   Level
a - Freeze                Ice            76%        1d9       2%          1
b - Frozen Ramparts       Ice            38%        1d5       7%          3
c - Ozocubu's Armour      Ice            19%        N/A       7%          3
d - Hailstorm             Conj/Ice       19%        3d6       22%         4
e - Beastly Appendage     Tmut           38%        N/A       2%          1
f - Wereblood             Tmut           19%        N/A       3%          2
Your spell library was empty.

Dungeon Overview and Level Annotations

Branches:
Dungeon (3/15)

Altars:
Zin

Shops:
D:3 [


Innate Abilities, Weirdness & Mutations

You are immune to sickness and miasma.
You are immune to poison.
Your flesh is very heat resistant. (rF++)
You are vulnerable to cold. (rC-)
You float through the air rather than walking.
You learn spells naturally, not from books.
Your magical power is your life essence.
You have superior vitality. (+4 HP)


Message History

Unknown command.
Your frozen ramparts will break if you move.
Continue? [Y]es or [N]o only, please.
Your frozen ramparts will break if you move.
Continue? [Y]es or [N]o only, please.
Your frozen ramparts will break if you move.
Continue?
Okay, then.
Your frozen ramparts will break if you move.
Continue?
The frozen ramparts melt away as you move.
An adder comes into view.
The adder hisses angrily.
The water moccasin is no longer moving slowly.
Casting: Frozen Ramparts (dangerous; 7% risk of failure)
Confirm with . or Enter, or press ? or * to list all spells.
The walls around you are covered in ice.
* * * LOW HITPOINT WARNING * * *
The wall freezes the water moccasin.
The wall freezes the ball python.
You kill the ball python!
The wall freezes the water moccasin.
The water moccasin seems to slow down.
The water moccasin bites you.
* * * LOW HITPOINT WARNING * * *
It was a potion of curing.
You feel better.
The wall freezes the adder.
The wall freezes the water moccasin.
The water moccasin bites you.
* * * LOW HITPOINT WARNING * * *
You hit the water moccasin.
The water moccasin is heavily wounded.
The wall freezes the adder. x2
You kill the adder!
The wall freezes the water moccasin.
The water moccasin seems to slow down.
The water moccasin barely misses you.
Casting: Frozen Ramparts (dangerous; 7% risk of failure)
Confirm with . or Enter, or press ? or * to list all spells.
Aiming: Freeze (safe; 2% risk of failure)
Press: ? - help, Shift-Dir - straight line, f - water moccasin
Aim: a water moccasin (heavily wounded, slow)
You freeze the water moccasin.
The water moccasin is severely wounded.
* * * LOW HITPOINT WARNING * * *
The wall freezes the water moccasin.
The water moccasin bites you!
You die...

#8÷.÷. #..÷÷
8... .8. #..
#.# #.#.###.##
#.....@S#
#...####†## #
..###≈≈≈##
..##≈≈≈≈≈##
..##≈≈∩...#
####.##≈≈≈≈≈.#
..))###≈≈≈#.#
###.)##......#
#.#).##.#.#.##


You could see a water moccasin (slow).

Vanquished Creatures
  2 orc wizards (D:3)
  3 adders
  2 worms (D:2)
  2 dart slugs (D:2)
  4 orcs (D:3)
  4 ball pythons
  2 bats
  5 endoplasms (D:1)
  8 hobgoblins
  4 jackals (D:2)
  4 kobolds
  3 quokkas
  3 frilled lizards
  3 goblins (D:1)
  6 rats
55 creatures vanquished.

Notes
Turn   | Place    | Note
-------+----------+-------------------------------------------
     0 | D:1      | wakim the Djinni Ice Elementalist began the quest for the
                  | Orb.
     0 | D:1      | Reached XP level 1. HP: 15/15 MP: 0/0
   447 | D:1      | Reached XP level 2. HP: 20/21 MP: 0/0
  1010 | D:1      | Reached XP level 3. HP: 23/25 MP: 0/0
  1010 | D:1      | Learned a level 1 spell: Beastly Appendage
  1670 | D:2      | Reached XP level 4. HP: 27/31 MP: 0/0
  1673 | D:2      | Reached skill level 4 in Spellcasting
  2457 | D:2      | Found a glowing silver altar of Zin.
  2694 | D:3      | Reached XP level 5. HP: 18/35 MP: 0/0
  2694 | D:3      | Learned a level 2 spell: Wereblood
  2740 | D:3      | Found Ongiaroe's Armour Boutique.
  2742 | D:3      | Noticed a water moccasin
  2761 | D:3      | HP: 1/35 [water moccasin (6)]
  2764 | D:3      | Mangled by a water moccasin

Illustrated notes

Levels and vault maps discovered:
D:1:      sevenhm_arrival_forest_fort_small_5, layout_loops_corners
D:2:      layout_basic, basic_altar, minmay_distorted
D:3:      minmay_door_path, layout_loops_ring,
          shapermc_ecumenical_altar_pompeii, serial_shops,
          nicolae_shop_behind_doors, shop, nicolae_shop_waterfront, shop,
          nicolae_square_shop

Skill      XL: |  1  2  3  4 |
---------------+-------------+-----
Dodging        | 3 |  3.7
Spellcasting   | 4 |  4.5
Stealth        | |  1.5

Action                   |  1- 3 |  4- 6 || total
-------------------------+-------+-------++-------
Melee: Dagger            |    31 |    20 ||    51
 Cast: Freeze            |    16 |     1 ||    17
       Frozen Ramparts   |     2 |    13 ||    15
       Ozocubu's Armour  |       |     1 ||     1
  Use: Potion            |       |     1 ||     1
 Stab: Sleeping          |     3 |       ||     3
Armor: Robe              |     6 |     9 ||    15
Dodge: Dodged            |    25 |    13 ||    38

Table legend: (Time is in decaauts)
 A = Elapsed time spent in this place.
 B = Non-inter-level travel time spent in this place.
 C = Inter-level travel time spent in this place.
 D = Time resting spent in this place.
 E = Time spent auto-exploring this place.
 F = Levels seen in this place.
 G = Mean time per level.
                   A        B        C        D        E       F      G
               +--------+--------+--------+--------+--------+-----+--------+
         Total |   2762 |   2613 |    149 |      0 |   2302 |   3 |  920.7 |
       Dungeon |   2762 |   2613 |    149 |      0 |   2302 |   3 |  920.7 |
               +--------+--------+--------+--------+--------+-----+--------+

Top non-repeatable levels by time:
     D:1: 1590 daAuts
     D:2: 1088 daAuts
     D:3: 83 daAuts
